 Dungeon Crawl Stone Soup version 0.22-a0-348-gd16d139 (webtiles) character file.

177 vishdafish the Charmwright (level 5, -1/40 HPs)
             Began as a Demonspawn Skald on Apr 11, 2018.
             Was an Initiate of Okawaru.
             Slain by an ogre
             ... wielding a +0 giant spiked club
              (19 damage)
             ... on level 4 of the Dungeon.
             The game lasted 00:06:56 (4553 turns).

vishdafish the Charmwright (Demonspawn Skald)       Turns: 4553, Time: 00:06:56

Health: -1/40      AC:  3    Str: 11    XL:     5   Next: 31%
Magic:  3/9        EV: 12    Int: 16    God:    Okawaru [......]
Gold:   100        SH:  0    Dex: 12    Spells: 8/9 levels left

rFire    + . .     SeeInvis .   g - -1 spear
rCold    . . .     Gourm    +   (no shield)
rNeg     . . .     Faith    .   b - +0 leather armour
rPois    .         Spirit   .   (helmet restricted)
rElec    .         Reflect  .   (no cloak)
rCorr    .         Harm     .   (no gloves)
MR       .....                  (no boots)
Stlth    +.........             s - amulet of the gourmand
HPRegen  0.13/turn              (no ring)
MPRegen  0.11/turn              (no ring)

@: infused
A: horns 1, fire resistance 1
a: Renounce Religion


You were on level 4 of the Dungeon.
You worshipped Okawaru.
Okawaru was noncommittal.
You were not hungry.

You visited 1 branch of the dungeon, and saw 4 of its levels.

You collected 100 gold pieces.

Inventory:

Hand Weapons
 a - a +0 falchion
 g - a -1 spear (weapon)
Armour
 b - a +0 leather armour (worn)
 c - a +0 buckler
Jewellery
 s - an amulet of the gourmand (around neck)
Scrolls
 h - a scroll of amnesia
 i - a scroll of magic mapping
 n - 3 scrolls of remove curse
 o - a scroll of immolation
 r - a scroll of fog {unknown}
Potions
 e - 2 potions of lignification {unknown}
 j - 2 potions of berserk rage {unknown}
 k - 3 potions of agility {unknown}
 l - a potion of flight {unknown}
 m - a potion of ambrosia {unknown}
 p - a potion of might {unknown}
 q - a potion of degeneration {unknown}
Comestibles
 d - 4 rations


   Skills:
 + Level 2.9 Fighting
 - Level 1.8 Long Blades
 * Level 2.5 Polearms
 - Level 1.0 Armour
 + Level 2.5 Dodging
 + Level 0.3 Shields
 + Level 2.8 Spellcasting
 - Level 3.0 Charms


You had 8 spell levels left.
You knew the following spells:

 Your Spells              Type           Power        Failure   Level  Hunger
a - Infusion              Chrm           ##..         8%          1    #......


Dungeon Overview and Level Annotations

Branches:
Dungeon (4/15)
 Temple: D:4-7

Altars:
Okawaru

Annotations:
D:3 vishdafish's ghost, amateur DsSk


Innate Abilities, Weirdness & Mutations

You have a pair of small horns on your head.
Your flesh is heat resistant. (rF+)


Message History

You hit the ogre.
The ogre is heavily wounded.
You hit the ogre.
The ogre is heavily wounded.
The ogre hits you with a giant spiked club!!
Ouch! That really hurt!
* * * LOW HITPOINT WARNING * * *
You feel better. The ogre completely misses you.
You barely miss the ogre.
The ogre is heavily wounded.
The ogre closely misses you.
You hit the ogre.
The ogre is severely wounded.
You hit the ogre.
The ogre is severely wounded.
The ogre hits you with a giant spiked club.
* * * LOW HITPOINT WARNING * * *
You feel better.
The ogre hits you with a giant spiked club!!
You die...

### ... .$. #.# #.# #.#
#.# #.. #O#... .# ...#
#@##.# ..# ##..# #.##.#
#.# ...# ##.##.# ... #..#
#..##.# #.# #..# #.###.#
#.# #
#..####.###.#########.###
#..†.....................
###
#..####...............#..
>.# #..#
#..######.#######.#


You could see an ogre.

Vanquished Creatures
  A worker ant (D:2)
  6 adders
  2 oozes (D:3)
  An adder skeleton (D:4)
  3 worms
  A dart slug (D:1)
  4 leopard geckos
  3 orcs
  5 giant cockroaches
  7 goblins
  6 hobgoblins
  2 jackals (D:2)
  A quokka (D:4)
  8 bats
  6 frilled lizards
  8 kobolds
  8 rats
72 creatures vanquished.

Notes
Turn   | Place    | Note
-------+----------+-------------------------------------------
     0 | D:1      | vishdafish the Demonspawn Skald began the quest for the Orb.
     0 | D:1      | Reached XP level 1. HP: 16/16 MP: 3/3
   105 | D:1      | Reached skill level 1 in Armour
   182 | D:1      | Gained mutation: You have a pair of small horns on your head. [demonic ancestry]
   182 | D:1      | Reached XP level 2. HP: 18/22 MP: 5/5
   709 | D:1      | You fall through a shaft!
   728 | D:2      | Reached skill level 1 in Polearms
   728 | D:2      | Reached skill level 3 in Charms
  1201 | D:2      | Reached XP level 3. HP: 27/27 MP: 6/6
  1721 | D:2      | Found an iron altar of Okawaru.
  1735 | D:2      | Became a worshipper of Warmaster Okawaru
  2314 | D:2      | Reached XP level 4. HP: 34/34 MP: 7/7
  2624 | D:2      | Found a faded altar of an unknown god.
  3540 | D:3      | Gained mutation: Your flesh is heat resistant. (rF+) [demonic ancestry]
  3540 | D:3      | Reached XP level 5. HP: 19/40 MP: 4/9
  3844 | D:3      | Noticed vishdafish's ghost (amateur DsSk)
  4418 | D:4      | Noticed a phantom
  4540 | D:4      | Noticed an ogre
  4553 | D:4      | Slain by an ogre

Vault maps used:
D:1:      lemuel_arrival_tunnels
D:2:      overflow_temple_1_default, chequers_ecumenical_altar_grove
D:3:      first_ration, minmay_misc_feat_nine_boxes

Skill      XL: |  1  2  3  4 |
---------------+-------------+-----
Armour         | 1 |  1.0
Polearms       | 1 2 |  2.5
Dodging        | 2 |  2.5
Charms         | 3 |  3.0
Fighting       | |  2.9
Long Blades    | |  1.8
Shields        | |  0.3
Spellcasting   | |  2.8

Action                   |  1- 3 |  4- 6 || total
-------------------------+-------+-------++-------
Melee: Spear             |   191 |   199 ||   390
       Headbutt          |    19 |    22 ||    41
 Cast: Infusion          |     2 |     8 ||    10
  Use: Scroll            |     6 |       ||     6
       Potion            |       |     6 ||     6
 Stab: Sleeping          |     1 |       ||     1
       Invisible         |       |     1 ||     1
  Eat: Chunk             |     4 |     5 ||     9
       Ration            |       |     1 ||     1
Armor: Leather armour    |    55 |    32 ||    87
Dodge: Dodged            |   108 |   111 ||   219

Table legend:
 A = Spawn XP
 B = Non-spawn XP
 C = Spawn XP percentage of total XP
 D = Spawn monster count
 E = Non-spawn monster count
 F = Spawn count percentage of total count
 G = Total turns spent on level
                    A         B        C        D         E        F      G
               +---------+---------+-------+---------+---------+-------+---------
         Total |       0 |     254 |   0.0 |       0 |      72 |   0.0 |  4553
               +---------+---------+-------+---------+---------+-------+---------
           D:1 |       0 |      25 |   0.0 |       0 |      15 |   0.0 |   911
           D:2 |       0 |     134 |   0.0 |       0 |      32 |   0.0 |  2490
           D:3 |       0 |      86 |   0.0 |       0 |      22 |   0.0 |  1050
           D:4 |       0 |       9 |   0.0 |       0 |       3 |   0.0 |   102
               +---------+---------+-------+---------+---------+-------+---------
